 Dungeon Crawl Stone Soup version 0.19.1 (webtiles) character file.

39 vaypah the Vexing (level 3, -3/23 HPs)
             Began as a High Elf Arcane Marksman on Dec 5, 2016.
             Slain by an adder (4 damage)
             ... on level 4 of the Dungeon on Dec 6, 2016.
             The game lasted 00:26:37 (1284 turns).

vaypah the Vexing (High Elf Arcane Marksman)        Turns: 1284, Time: 00:26:38

Health: -3/23      AC:  8    Str: 10    XL:     3   Next: 28%
Magic:  5/5        EV:  3    Int: 16    God:
Gold:   167        SH:  0    Dex: 16    Spells: 1 memorised, 3 levels left

rFire  . . .     SeeInvis .     a - +0 shortbow
rCold  . . .     Gourm    .     b - +0 chain mail (curse)
rNeg   . . .     Faith    .     (shield currently unavailable)
rPois  .         Spirit   .     (no helmet)
rElec  .         Reflect  .     (no cloak)
rCorr  .         Harm     .     (no gloves)
MR     .....                    (no boots)
Stlth  ..........               (no amulet)
                                (no ring)
                                (no ring)

@: held
A: no striking features
a: no special abilities


You were on level 4 of the Dungeon.
You were not hungry.

You visited 1 branch of the dungeon, and saw 4 of its levels.

You collected 167 gold pieces.

Inventory:

Hand Weapons
 a - a +0 shortbow (weapon)
 f - a +0 dagger
 k - a +0 dagger
Missiles
 d - 12 arrows (quivered)
Armour
 b - a cursed +0 chain mail (worn)
 e - a +0 robe
Scrolls
 h - 2 scrolls of teleportation {unknown}
 n - 2 scrolls of enchant armour {unknown}
 q - a scroll of amnesia {unknown}
 s - a scroll of enchant weapon {unknown}
 u - a scroll of identify {unknown}
 w - a scroll of fog {unknown}
 x - a scroll of remove curse {unknown}
Potions
 g - a potion of might {unknown}
 i - 2 potions of brilliance {unknown}
 l - a potion of haste {unknown}
 m - 2 potions of heal wounds {unknown}
 o - a potion of lignification {unknown}
 r - a potion of berserk rage {unknown}
 t - a potion of mutation {unknown}
Books
 c - a book of Debilitation

   Spells                             Type                      Level
   a - Corona                         Hexes                        1
   b - Slow                           Hexes                        2
   c - Gell's Gravitas                Hexes/Translocation          3
   d - Inner Flame                    Hexes/Fire                   3
   e - Cause Fear                     Hexes                        4
   f - Leda's Liquefaction            Hexes/Earth                  4
Comestibles
 j - a bread ration
 p - a meat ration
 v - a beef jerky


   Skills:
 + Level 1.2 Fighting
 + Level 3.6 Bows
 + Level 2.3 Dodging
 + Level 1.3 Spellcasting
 + Level 3.7 Hexes


You had 3 spell levels left.
You knew the following spells:

 Your Spells              Type           Power        Failure   Level  Hunger
a - Corona                Hex            ##.....      100%        1    ##.....


Dungeon Overview and Level Annotations

Branches:
Dungeon (4/15)
 Temple: D:4-7

Altars:
Gozag
Okawaru
Qazlal


Message History

You shoot an arrow. The arrow closely misses the adder.
The arrow closely misses the gnoll.
The arrow hits the gnoll!
The gnoll is almost dead.
The adder bites you but does no damage.
The gnoll hits you from afar with a vampiric halberd.
The adder bites you but does no damage. The gnoll barely misses you.
The adder barely misses you.
You see here 7 gold pieces.
The adder closely misses you.
The gnoll throws a throwing net.
The throwing net hits you.
You become entangled in the net!
The gnoll hits you from afar with a halberd of protection!
Ouch! That really hurt!
* * * LOW HITPOINT WARNING * * *
You see here a throwing net.
You tear a large gash into the net.
The adder bites you.
* * * LOW HITPOINT WARNING * * *
The gnoll hits you but does no damage.
You struggle against the net.
The adder bites you.
You die...

#. #. #.#########.###
####...............
.....................
#####...................
.......%.g...........(.(
.......@.g..............
#......$S8.......8......
.#.......g.g...(......).
#.#.....8..(......8.....
##.#...................#
##.#....8.......8....#.
##.#...#..#.#..#...#.#
..#.######...######.#
###.# ..#.#.. .#


You could see 4 gnolls and an adder.

Vanquished Creatures
  A worm (D:2)
  A leopard gecko (D:2)
  A bat (D:2)
  A giant cockroach (D:2)
  6 hobgoblins
  4 jackals (D:1)
  5 kobolds
  2 frilled lizards
  7 goblins
  4 rats
32 creatures vanquished.

Notes
Turn   | Place    | Note
-------+----------+-------------------------------------------
     0 | D:1      | vaypah the High Elf Arcane Marksman began the quest for the Orb.
     0 | D:1      | Reached XP level 1. HP: 13/13 MP: 3/3
   288 | D:1      | Reached XP level 2. HP: 18/18 MP: 4/4
   693 | D:2      | Found an iron altar of Okawaru.
   694 | D:2      | Found an opulent altar of Gozag.
   836 | D:2      | Reached XP level 3. HP: 7/23 MP: 1/5
  1207 | D:2      | Found a stormy altar of Qazlal.
  1283 | D:4      | HP: 1/23 [adder (1)]
  1284 | D:4      | Slain by an adder

Skill      XL: |  1  2 |
---------------+-------+-----
Bows           | 3 |  3.6
Fighting       | |  1.2
Dodging        | |  2.3
Spellcasting   | |  1.3
Hexes          | |  3.7

Action                   || total
-------------------------++-------
 Fire: Shortbow          ||    97
  Eat: Bread ration      ||     1
Armor: Chain mail        ||    47
Dodge: Dodged            ||    18
